 Dungeon Crawl Stone Soup version 5.5-19-gbfab8aa (webtiles) character file.

763 MoonstruckMary the Skirmisher (level 9, -4/68 HPs)
             Began as a Demonspawn Fighter on June 17, 2018.
             Slain by a hellwing (7 damage)
             ... on level 7 of the Dungeon.
             The game lasted 00:04:47 (5580 turns).

MoonstruckMary the Skirmisher (Demonspawn Fighter)  Turns: 5580, Time: 00:04:48

Health: -4/68      AC: 12 (34%)Str: 19  XL:     9   Next: 7%
Magic:  14/14      EV:  5    Int: 14    God:    Xom [..*...]
Gold:   417        SH: 10    Dex: 14    Spells: 13/13 levels left

rFire    . . .     SeeInvis .   o - +2 hand axe (devast)
rCold    . . .     Faith    .   c - +0 shield
rNeg     . . .     Spirit   .   s - +1 chain mail {MR+}
rPois    .         Reflect  .   (helmet restricted)
rElec    .                      (cloak unavailable)
rCorr    .                      (no gloves)
MR       +....                  (no boots)
Stlth    ..........             (no amulet)
Regen    0.3/turn               (no ring)
MPRegen  0.3/turn               (no ring)

@: no status effects
A: antennae 1, rugged brown scales 2, clever, demonic guardian 1, frail 1,
subdued magic 1, prehensile tentacle 3
a: Renounce Religion


You were on level 7 of the Dungeon.
You worshipped Xom.
You were a toy of Xom.
You were not hungry.

You visited 1 branch of the dungeon, and saw 7 of its levels.
You also visited: Sewer.

You collected 417 gold pieces.

Inventory:

Hand Weapons
 a - a +0 war axe
 o - a +2 hand axe of devastation (weapon)
Missiles
 i - a tomahawk (quivered)
 v - 68 poisoned darts
Armour
 b - a +0 scale mail
 c - a +0 shield (worn)
 s - a +1 chain mail of magic resistance (worn)
 u - a +0 cloak
Jewellery
 l - an uncursed ring of protection from magic
Wands
 m - a wand of flame (7)
Scrolls
 e - 2 scrolls of magic mapping
 f - 3 scrolls of enchant armour
 q - a scroll of fear
 r - a scroll of amnesia
 t - a scroll of teleportation
Potions
 d - 3 potions of augmentation
 g - 6 potions of flight
 h - 2 potions of heal wounds
 j - 4 potions of resistance
 k - 2 potions of cancellation
 n - a potion of haste
 p - a potion of ambrosia


   Skills:
 * Level 7.3 Fighting
 * Level 6.8 Axes
 + Level 5.0 Armour
 + Level 5.1 Shields


You had 13 spell levels left.
You didn't know any spells.

Dungeon Overview and Level Annotations

Branches:
Dungeon (7/15)

Altars:
Elyvilon
Gozag
Jiyva
Kikubaaqudgha
Makhleb
Nemelex Xobeh
Okawaru
Qazlal
Ru
Sif Muna
Trog
Uskayaw
Vehumet
Wu Jian
Xom
Yredelemnul
Zin
The Shining One


Innate Abilities, Weirdness & Mutations

You are mostly covered in rugged brown scales. (AC +2, +5% HP)
A weak demonic guardian rushes to your aid.
Your prehensile tentacle constricts enemies.
You have a pair of small antennae on your head.
Your mind is acute. (Int +5)
You are frail. (-10% HP)
Your spells are a little easier to cast, but a little less powerful.


Message History

The blow is devastating (4)!
The centaur warrior skeleton is moderately damaged.
You hit the shadow imp but do no damage.
You hit the centaur warrior zombie (3).
The blow is devastating (2)!
You hit the hellwing but do no damage.
The wolf spider zombie hits your iron imp (16)!
Your iron imp dies!
The centaur warrior zombie hits you but does no damage.
You block the hellwing's attack. The hellwing hits you (4).
* * * LOW HITPOINT WARNING * * *
The shadow imp shouts, "Quit, thou simpering knotty-pated mendicant!"
The shadow imp gestures at you.
You easily resist.
The centaur warrior skeleton hits you (2).
* * * LOW HITPOINT WARNING * * *
The centaur warrior zombie hits you but does no damage.
Your shadow imp misses the hellwing.
You block the hellwing's attack. The hellwing hits you (7)!
You die...
Xom thinks this is hilarious!

#............#.####....##
..............# #...#
#...#.........#####..
..#....##...........#
###.###...........#
....#......##....#
...........###...#
.....5.........#.#
......4@Z.....## #
......Z5Z....#.#
:.....ZZ....## #
.....Z........#
....8......#....
P...........##..
.P......8#... ..
..........#... .....8...
...Z


You could see a hellwing, a shadow imp, 2 wyvern zombies, a wolf spider zombie,
a centaur warrior zombie, 2 centaur warrior skeletons and a friendly shadow imp.

Vanquished Creatures
  Eustachio (D:5)
  Edmund (D:5)
  A blink frog zombie (D:7)
  An ice beast (D:6)
  2 ogres
  A centaur (D:5)
  A big kobold (Sewer)
  2 scorpions (D:5)
  2 crimson imps
  3 howler monkeys
  A centaur zombie (D:7)
  2 hounds (D:6)
  A jelly (D:6)
  3 orc priests
  A gnoll shaman (D:5)
  7 orc wizards
  Terence (D:3)
  A worker ant (D:6)
  3 iguanas
  A hound skeleton (D:5)
  7 adders
  2 gnolls (D:5)
  2 shadow imps (D:7)
  An adder skeleton (D:4)
  A dart slug (D:1)
  16 orcs
  8 quokkas
  7 giant cockroaches
  9 goblins
  3 hobgoblins
  15 jackals
  8 kobolds
  8 bats
  5 frilled lizards
  10 rats
138 creatures vanquished.

Vanquished Creatures (collateral kills)
  An ice beast (D:5)
  An ogre (D:4)
  A quasit (D:5)
  A gnoll shaman (D:5)
  A worker ant (D:6)
  A gnoll (D:5)
  An orc (D:4)
  A kobold (Sewer)
8 creatures vanquished.

Grand Total: 146 creatures vanquished

Notes
Turn   | Place    | Note
-------+----------+-------------------------------------------
     0 | D:1      | MoonstruckMary the Demonspawn Fighter began the quest for the Orb.
     0 | D:1      | Reached XP level 1. HP: 18/18 MP: 2/2
    88 | D:1      | Gained mutation: You have a tentacle on your back. [demonic ancestry]
    88 | D:1      | Reached XP level 2. HP: 16/24 MP: 3/3
   686 | D:1      | Gained mutation: You are partially covered in rugged brown scales. (AC +1, +3% HP) [demonic ancestry]
   686 | D:1      | Reached XP level 3. HP: 22/29 MP: 5/5
  1148 | D:2      | Noticed a dagger
  1149 | D:2      | Noticed a hand axe
  1153 | D:2      | Found a hide-covered altar of Uskayaw.
  1267 | D:2      | Found a radiant altar of Vehumet.
  1342 | D:2      | Gained mutation: You have a large tentacle on your back. [demonic ancestry]
  1342 | D:2      | Reached XP level 4. HP: 18/37 MP: 6/6
  1757 | D:2      | Found a burning altar of Makhleb.
  1842 | D:2      | Found a faded altar of an unknown god.
  1985 | D:2      | Became a worshipper of Xom the Capricious
  2027 | D:3      | Found a basalt altar of Yredelemnul.
  2670 | D:3      | Noticed Terence
  2671 | D:3      | Reached skill level 4 in Fighting
  2681 | D:3      | Killed Terence
  2681 | D:3      | Gained mutation: You are mostly covered in rugged brown scales. (AC +2, +5% HP) [demonic ancestry]
  2681 | D:3      | Reached XP level 5. HP: 10/44 MP: 7/7
  2775 | D:3      | XOM: divination: magic mapping
  2953 | D:3      | XOM: silly message
  3066 | D:3      | XOM: divination: detect items
  3203 | D:3      | Noticed a moth of wrath
  3210 | D:3      | Found a bloodstained altar of Trog.
  3255 | D:3      | Noticed an ogre
  3261 | D:3      | Killed an ogre
  3261 | D:3      | Gained mutation: A weak demonic guardian rushes to your aid. [demonic ancestry]
  3261 | D:3      | Reached XP level 6. HP: 26/51 MP: 9/9
  3300 | D:3      | XOM: silly message
  3554 | D:4      | Found a glowing drain.
  3554 | D:4      | XOM: 6-stop teleportation journey
  3570 | Sewer    | Entered a sewer
  3579 | Sewer    | Reached skill level 5 in Fighting
  3653 | Sewer    | XOM: mild Ice miscast
  3654 | Sewer    | Found a white marble altar of Elyvilon.
  3744 | D:4      | Found an ornate altar of the Wu Jian Council.
  3780 | D:4      | Gained mutation: Your prehensile tentacle constricts enemies. [demonic ancestry]
  3780 | D:4      | Reached XP level 7. HP: 58/58 MP: 10/10
  4018 | D:4      | XOM: medium Tloc miscast
  4152 | D:4      | Found a glowing golden altar of the Shining One.
  4238 | D:5      | Entered Level 5 of the Dungeon
  4251 | D:5      | Reached skill level 5 in Axes
  4343 | D:5      | Noticed Edmund
  4343 | D:5      | XOM: confuse monster(s)
  4355 | D:5      | Killed Edmund
  4355 | D:5      | Reached skill level 6 in Fighting
  4355 | D:5      | Reached XP level 8. HP: 24/67 MP: 11/11
  4428 | D:5      | XOM: scenery: create altars
  4503 | D:5      | XOM: divination: detect items
  4718 | D:5      | Noticed Eustachio
  4726 | D:5      | Killed Eustachio
  4806 | D:5      | Found a glowing silver altar of Zin.
  4859 | D:5      | Found a sacrificial altar of Ru.
  4974 | D:6      | Found a sparkling altar of Nemelex Xobeh.
  5017 | D:6      | Reached skill level 7 in Fighting
  5127 | D:6      | Gained mutation: You are occasionally teleported next to monsters. [potion of mutation]
  5127 | D:6      | Gained mutation: You are resistant to hostile enchantments. (MR+) [potion of mutation]
  5128 | D:6      | Lost mutation: You are resistant to hostile enchantments. (MR+) [potion of mutation]
  5128 | D:6      | Lost mutation: You are occasionally teleported next to monsters. [potion of mutation]
  5128 | D:6      | Gained mutation: Your spells are a little easier to cast, but a little less powerful. [potion of mutation]
  5128 | D:6      | Gained mutation: Potions are less effective at restoring your health. [potion of mutation]
  5128 | D:6      | Gained mutation: Your mind is acute. (Int +5) [potion of mutation]
  5129 | D:6      | Lost mutation: Your spells are a little easier to cast, but a little less powerful. [potion of mutation]
  5129 | D:6      | Lost mutation: Your mind is acute. (Int +5) [potion of mutation]
  5129 | D:6      | Lost mutation: Potions are less effective at restoring your health. [potion of mutation]
  5129 | D:6      | Gained mutation: You have a pair of small antennae on your head. [potion of mutation]
  5129 | D:6      | Gained mutation: Your spells are a little easier to cast, but a little less powerful. [potion of mutation]
  5129 | D:6      | Gained mutation: You are frail. (-10% HP) [potion of mutation]
  5129 | D:6      | Gained mutation: Your mind is acute. (Int +5) [potion of mutation]
  5252 | D:6      | Found a shimmering altar of Xom.
  5257 | D:6      | Found a viscous altar of Jiyva.
  5263 | D:6      | Found a stormy altar of Qazlal.
  5268 | D:6      | Found an opulent altar of Gozag.
  5277 | D:6      | Found an iron altar of Okawaru.
  5286 | D:6      | Found an ancient bone altar of Kikubaaqudgha.
  5301 | D:6      | XOM: potion effect (haste)
  5303 | D:6      | XOM: divination: detect creatures
  5316 | D:6      | Reached skill level 5 in Shields
  5458 | D:7      | Found a deep blue altar of Sif Muna.
  5459 | D:7      | XOM: potion effect (berserk rage)
  5462 | D:7      | Reached skill level 5 in Armour
  5462 | D:7      | Reached XP level 9. HP: 68/68 MP: 14/14
  5505 | D:7      | Found a white marble altar of Elyvilon.
  5521 | D:7      | XOM: divination: magic mapping
  5572 | D:7      | Noticed a hellwing
  5580 | D:7      | HP: 3/68 [centaur warrior skeleton (2)]
  5580 | D:7      | Slain by a hellwing

Skill      XL: |  1  2  3  4  5  6  7  8 |
---------------+-------------------------+-----
Axes           | 2 3 4 5 6 |  6.8
Armour         | 3 4 5 |  5.0
Shields        | 3 4 5 |  5.1
Fighting       | 4 5 6 7 |  7.3

Action                   |  1- 3 |  4- 6 |  7- 9 || total
-------------------------+-------+-------+-------++-------
Melee: War axe           |   114 |    19 |       ||   133
       Tentacles         |     5 |    11 |    26 ||    42
       Hand axe          |       |    93 |   111 ||   204
       Constrict         |       |       |    29 ||    29
  Use: Scroll            |       |     1 |       ||     1
       Potion            |       |       |     3 ||     3
 Stab: Distracted        |       |       |     1 ||     1
Armor: Scale mail        |    76 |    63 |    20 ||   159
       Chain mail        |       |       |    44 ||    44
Dodge: Dodged            |    29 |    42 |    28 ||    99
Block: Shield            |    68 |    72 |    60 ||   200
